[Event "*** Titled Tuesday Blitz"]
[Site "Chess.com"]
[Date "2019.01.01"]
[Round "4"]
[White "x-3738459472"]
[Black "michaelq2d5"]
[Result "1-0"]
[WhiteElo "2537"]
[BlackElo "2741"]
[TimeControl "180+2"]
[EndTime "13:53:39 PST"]
[Termination "x-3738459472 won by resignation"]

1. e4 e5 2. Nf3 Nc6 3. Bb5 a6 4.
Ba4 Nf6 5. O-O Be7 6. Re1 b5 7. Bb3 d6 8. c3 O-O 9. h3 Na5 10. Bc2 c5 11. d3 Qc7 12. Nbd2 Nc6 13. Nf1 h6 14. Ng3 Be6 15. Be3 d5 16. Qc1 Kh7 17. exd5 Nxd5 18. d4+ f5 19. Nxe5 Nxe5 20. dxe5 Nxe3 21.
Qxe3 g6 22. Ne2 Bg5 23. Nf4 Bg8 24. Qg3 Rad8 25. Nxg6 Kxg6 26. h4 Rd2 27. hxg5 hxg5 28. Rad1 Rfd8 29. Bxf5+ Kxf5 30. Qf3+ Kg6 31. Qf6+ Kh7 32.
Rxd2 Rxd2 33. Qxg5 Qc8 34. Qxd2 1-0

[Event "*** Titled Tuesday Blitz"]
[Site "Chess.com"]
[Date "2019.01.01"]
[Round "4"]
[White "maciek_92"]
[Black "ChristopherYoo"]
[Result "0-1"]
[WhiteElo "2633"]
[BlackElo "2653"]
[TimeControl "180+2"]
[EndTime "13:53:41 PST"]
[Termination "ChristopherYoo won by resignation"]

1. c4 Nf6 2. Nc3 g6 3. g3 Bg7 4.
Bg2 O-O 5. d4 Nc6 6. e3 d6 7.
Nge2 e5 8. O-O exd4 9. exd4 Ne7 10. h3 Nf5 11. Kh2 Re8 12. b3 c6 13. a4 d5 14. c5 Ne4 15. Bb2 Qe7 16. Nxe4 dxe4 17.
Qc2 e3 18. f4 Be6 19. Rad1 Rad8 20. Rd3 Bd5 21. Bxd5 Rxd5 22. g4 Nh4 23. Kg3 Qe4 24. Kxh4 Qg2 25. g5 Qxf1 26. Qd1 Qf2+ 27. Ng3 h5 28. Qf1 Qxf1 29. Nxf1 0-1

[Event "*** Titled Tuesday Blitz"]
[Site "Chess.com"]
[Date "2019.01.01"]
[Round "4"]
[White "nihalsarin"]
[Black "Ali_rastbod"]
[Result "1/2-1/2"]
[WhiteElo "2951"]
[BlackElo "2571"]
[TimeControl "180+2"]
[EndTime "13:53:42 PST"]
[Termination "Game drawn by agreement"]

1. e4 e6 2. d4 d5 3. Nc3 Nf6 4. exd5 exd5 5. Bd3 c6 6. h3 Bd6 7. Qf3 h6 8. Nge2 O-O 9. O-O Re8 10. Ng3 Be6 11. Nf5 Bxf5 12. Qxf5 Qe7 13. Bd2 Qe6 14. Qf3 Ne4 15. Be3 f5 16. Ne2 g5 17. Qh5 f4 18. Bc1 Qf7 19. Qxf7+ Kxf7 20. c4 dxc4 21. Bxc4+ Kg7 22. Nc3 Nd7 23. Bd3 Nef6 24. Bd2 Nb6 25. Rfe1 Nbd5 26. Nxd5 Nxd5 27. Kf1 Kf6 28. Rxe8 Rxe8 29.
Re1 Rxe1+ 30. Kxe1 Bc7 31. Ke2 Bb6 32. Bc3 Nxc3+ 33. bxc3 c5 34. d5 Ke5 35. c4 Bc7 36.
Kf3 Kf6 37. Kg4 Bd6 38. Kh5 Kg7 39. Kg4 Kf6 40. Kh5 Kg7 41. a4 b6 42. h4 gxh4 43. Kxh4 Bc7 44. Kg4 Kf6 45. Kh5 Kg7 46. Bf5 Bd6 47.
Bd7 Bc7 48. Kg4 Kf6 49. Kh5 Kg7 50. Bb5 Bd6 51. Kg4 Kf6 52. Kh5 Kg7 53. Bd7 Bc7 54. Bf5 Bd6 55. Be4 Bc7 56. Kg4 Kf6 57. Kh5 Kg7 58. Kg4 1/2-1/2

[Event "*** Titled Tuesday Blitz"]
[Site "Chess.com"]
[Date "2019.01.01"]
[Round "4"]
[White "RichardLeyvaP"]
[Black "robbykevlishvili"]
[Result "0-1"]
[WhiteElo "2534"]
[BlackElo "2782"]
[TimeControl "180+2"]
[EndTime "13:53:42 PST"]
[Termination "robbykevlishvili won by resignation"]

1. e4 e5 2. Nf3 Nc6 3. Bb5 a6 4. Bxc6 dxc6 5. Nc3 f6 6. d4 exd4 7. Nxd4 c5 8. Nde2 Qxd1+ 9. Nxd1 Be6 10. Bf4 O-O-O 11.
Ne3 Ne7 12. Rd1 Rxd1+ 13. Kxd1 Ng6 14. Bg3 Bd6 15. Kc1 Rd8 16. Rd1 Be7 17. Rxd8+ Kxd8 18. f4 Bf7 19. f5 Ne5 20. a3 Nc6 21. Bf4 Kd7 22. g4 c4 23. Kd2 b5 24. Nd5 Bd6 25. Ke3 Bc5+ 26. Kf3 Bxd5 27. exd5 Nd4+ 28. Nxd4 Bxd4 29.
c3 Bc5 30. h4 Bd6 31. Ke4 Bxf4 32. Kxf4 Kd6 33. Ke4 Kc5 34. g5 a5 35. h5 h6 36. gxh6 gxh6 37. d6 cxd6 0-1

[Event "*** Titled Tuesday Blitz"]
[Site "Chess.com"]
[Date "2019.01.01"]
[Round "4"]
[White "kuli4ik"]
[Black "iLuusions"]
[Result "1-0"]
[WhiteElo "2805"]
[BlackElo "2575"]
[TimeControl "180+2"]
[EndTime "13:53:43 PST"]
[Termination "kuli4ik won by resignation"]

1. Nf3 Nf6 2. g3 d5 3. Bg2 c5 4. O-O Nc6 5. d4 e6 6. c4 cxd4 7. Nxd4 Qb6 8. Nxc6 bxc6 9. Nc3 Bb4 10. Be3 Qa5 11.
Bd2 Ba6 12. a3 Bxc3 13. Bxc3 Qb6 14. cxd5 cxd5 15. Bb4 Kd7 16. Qd2 Rhc8 17. Qg5 Rg8 18. Rfe1 h6 19. Qf4 Bb7 20. Bc3 Ke7 21. Bb4+ Kd7 22.
e4 dxe4 23. Red1+ Bd5 24. Bxe4 Nxe4 25. Rxd5+ exd5 26. Qxf7+ Kc6 27. Rc1+ Kb5 28. Qxd5+ Ka6 29. Rc6 Nf6 30. Rxb6+ axb6 31. Qd3+ Kb7 32. Be7 Rge8 33. Bxf6 gxf6 34. Qf3+ Ka6 35. Qxf6 Rad8 36. b4 Rd1+ 37.
Kg2 Rd2 38. a4 Ree2 39. a5 Rxf2+ 40. Qxf2 Rxf2+ 41. Kxf2 bxa5 42. bxa5 Kxa5 43. Kf3 Kb5 44. Kg4 Kc6 45. Kh5 1-0

[Event "*** Titled Tuesday Blitz"]
[Site "Chess.com"]
[Date "2019.01.01"]
[Round "4"]
[White "tarantul1"]
[Black "DrRiebert"]
[Result "1-0"]
[WhiteElo "2392"]
[BlackElo "2418"]
[TimeControl "180+2"]
[EndTime "13:53:43 PST"]
[Termination "tarantul1 won by resignation"]

1. e4 c5 2. Nf3 Nc6 3. d4 cxd4 4. Nxd4 g6 5. Nc3 Bg7 6. Nde2 d6 7. g3 Nf6 8. Bg2 O-O 9. O-O a6 10. a4 Qc7 11. h3 b6 12. Be3 Bb7 13. Nd5 Nxd5 14. exd5 Ne5 15. b3 b5 16. axb5 axb5 17. Nd4 b4 18.
Qd2 Qc3 19. Qxc3 bxc3 20. Nc6 Bxc6 21. dxc6 Rac8 22. Ra6 d5 23. Bxd5 Rfd8 24. Bg2 Rd6 25. Rfa1 Nxc6 26. Rxc6 Rdxc6 27. Bxc6 Rxc6 28. Ra8+ Bf8 29.
Bh6 1-0

[Event "*** Titled Tuesday Blitz"]
[Site "Chess.com"]
[Date "2019.01.01"]
[Round "4"]
[White "Hieronymus00"]
[Black "Abdodi"]
[Result "1-0"]
[WhiteElo "2170"]
[BlackElo "2181"]
[TimeControl "180+2"]
[EndTime "13:53:51 PST"]
[Termination "Hieronymus00 won by resignation"]

1. e4 c6 2. d4 d5 3. Nc3 dxe4 4. Nxe4 Nf6 5. Nxf6+ exf6 6. c3 Bd6 7. Bd3 O-O 8.
Qc2 g6 9. h4 f5 10. Ne2 c5 11. dxc5 Bxc5 12. Bh6 Re8 13. O-O-O Qc7 14. Nf4 Nc6 15. Nd5 Qe5 16. Bc4 Be6 17. Rhe1 Qh8 18.
Nc7 Rac8 19. Nxe8 Rxe8 20. Bxe6 fxe6 21. Re2 Bf8 22. Bxf8 Kxf8 23. Rd7 Re7 24. Rxe7 Nxe7 25.
Rxe6 Qg7 26. Qe2 1-0

[Event "*** Titled Tuesday Blitz"]
[Site "Chess.com"]
[Date "2019.01.01"]
[Round "4"]
[White "BillForster"]
[Black "sandager"]
[Result "0-1"]
[WhiteElo "1709"]
[BlackElo "2001"]
[TimeControl "180+2"]
[EndTime "13:53:55 PST"]
[Termination "sandager won on time"]

1. d4 Nf6 2. c4 g6 3. Nc3 d5 4. cxd5 Nxd5 5. e4 Nxc3 6. bxc3 Bg7 7. Nf3 O-O 8. Rb1 c5 9. Be2 Nc6 10. Be3 cxd4 11. cxd4 Qa5+ 12. Qd2 Qxd2+ 13. Kxd2 Rd8 14. d5 e6 15. Bc4 Na5 16. Kd3 exd5 17. Bxd5 Be6 18.
Rb5 b6 19. Rc1 Nb7 20. Ke2 Bxd5 21. exd5 Nd6 22. Rb4 Rac8 23. Rxc8 Rxc8 24. Bd4 Rc2+ 25. Kd3 Rxa2 26. Ne5 Ra5 27. Nc6 Bxd4 28. Kxd4 Kf8 29. Rb2 Ra4+ 30. Kd3 Ra5 31. Kd4 Rc5 32. Re2 a5 33.
Re7 Nf5+ 0-1

[Event "*** Titled Tuesday Blitz"]
[Site "Chess.com"]
[Date "2019.01.01"]
[Round "4"]
[White "Martins-BR"]
[Black "m3alam"]
[Result "1-0"]
[WhiteElo "2220"]
[BlackElo "2126"]
[TimeControl "180+2"]
[EndTime "13:53:56 PST"]
[Termination "Martins-BR won on time"]

1. e4 c6 2. d4 d5 3. e5 Bf5 4. h4 Qb6 5. g4 Bd7 6. c3 e6 7.
f4 h5 8. gxh5 Nh6 9. Bh3 c5 10.
Nf3 Nc6 11. O-O cxd4 12. cxd4 Nf5 13. Bxf5 exf5 14. Nc3 Be6 15. Na4 Qb4 16. a3 Qb5 17. Ng5 O-O-O 18. Be3 Kb8 19. b4 Be7 20. Nc5 Bxc5 21.
bxc5 Rd7 22. Rb1 Qc4 23. Rf2 Na5 24. Rb4 Qa6 25. Qa4 Rc7 26. Rb5 b6 27. Rfb2 Bd7 28.
Rxa5 Qb7 29. Qd1 1-0

[Event "*** Titled Tuesday Blitz"]
[Site "Chess.com"]
[Date "2019.01.01"]
[Round "4"]
[White "GMMelik"]
[Black "fmshawnrl123"]
[Result "0-1"]
[WhiteElo "2503"]
[BlackElo "2521"]
[TimeControl "180+2"]
[EndTime "13:53:57 PST"]
[Termination "fmshawnrl123 won by resignation"]

1. d4 Nf6 2. Bf4 d5 3. e3 c5 4. Nc3 e6 5. Nb5 Na6 6. c3 Be7 7. a4 O-O 8. Be2 Ne8 9. Nf3 Nac7 10. O-O a6 11. Nxc7 Nxc7 12. c4 dxc4 13. dxc5 Nd5 14.
Bd6 Bxd6 15. cxd6 c3 16. Rb1 Qxd6 17. bxc3 Qc7 18. Qb3 Qxc3 19. Rfc1 Qxb3 20. Rxb3 Bd7 21. a5 Rfb8 22. Ne5 Be8 23. e4 Nf4 24. Bf1 Bb5 25. Rf3 Rc8 26. Rxc8+ Rxc8 27. Bxb5 Rc1+ 28. Bf1 Ne2+ 0-1

[Event "*** Titled Tuesday Blitz"]
[Site "Chess.com"]
[Date "2019.01.01"]
[Round "4"]
[White "belisarius64"]
[Black "Torrentec"]
[Result "1/2-1/2"]
[WhiteElo "2547"]
[BlackElo "2333"]
[TimeControl "180+2"]
[EndTime "13:53:59 PST"]
[Termination "Game drawn by repetition"]

1. d4 d5 2. c4 c6 3. Nf3 Nf6 4.
Nc3 a6 5. e3 Bf5 6. Bd2 e6 7.
b3 Nbd7 8. Be2 Bd6 9. Nh4 Be4 10. Nxe4 dxe4 11. g3 g5 12. Ng2 h5 13. h4 g4 14. b4 Qe7 15. Bc3 e5 16. Qb3 O-O 17. dxe5 Nxe5 18. Nf4 Nf3+ 19. Bxf3 exf3 20. O-O Be5 21.
Rad1 Rad8 22. a3 Ne4 23. Bxe5 Qxe5 24. Qc2 Nf6 25. Rxd8 Rxd8 26. Rd1 Rxd1+ 27. Qxd1 Qb2 28. Qd4 Qb1+ 29. Kh2 Qc2 30. Qxf6 Qxf2+ 31. Kh1 Qf1+ 32. Kh2 Qf2+ 33. Kh1 Qf1+ 34. Kh2 Qf2+ 35. Kh1 Qf1+ 36. Kh2 Qf2+ 37. Kh1 Qf1+ 38. Kh2 Qf2+ 1/2-1/2

[Event "*** Titled Tuesday Blitz"]
[Site "Chess.com"]
[Date "2019.01.01"]
[Round "4"]
[White "ckgchess"]
[Black "Keaton87"]
[Result "0-1"]
[WhiteElo "2601"]
[BlackElo "2522"]
[TimeControl "180+2"]
[EndTime "13:54:01 PST"]
[Termination "Keaton87 won on time"]

1. e4 c5 2. c3 Nf6 3. e5 Nd5 4.
d4 cxd4 5. Qxd4 e6 6. Nf3 Nc6 7. Qe4 f5 8. Qe2 Qc7 9. g3 b6 10. Nbd2 a5 11. Bg2 Ba6 12. c4 Ndb4 13. O-O Rc8 14. b3 Nc2 15. Rb1 N2d4 16. Nxd4 Nxd4 17. Qe1 Bb7 18. Bb2 Bxg2 19. Kxg2 Qc6+ 20. f3 Bc5 21.
Rd1 O-O 22. Nb1 Nc2 23. Qe2 Ne3+ 24. Kh3 g5 25. Rd6 g4+ 26. fxg4 fxg4+ 27. Kh4 Bxd6 28. exd6 Qe4 29. Nc3 Ng2+ 0-1

[Event "*** Titled Tuesday Blitz"]
[Site "Chess.com"]
[Date "2019.01.01"]
[Round "4"]
[White "MatyChess1"]
[Black "Zarikovs1999"]
[Result "1-0"]
[WhiteElo "2494"]
[BlackElo "2263"]
[TimeControl "180+2"]
[EndTime "13:54:01 PST"]
[Termination "MatyChess1 won by resignation"]

1. e4 c5 2. Nf3 Nf6 3. d3 d5 4.
Nbd2 Nc6 5. g3 g6 6. Bg2 Bg7 7.
O-O O-O 8. Re1 Bg4 9. h3 Bxf3 10. Bxf3 Qd7 11. exd5 Nxd5 12. Nc4 Nd4 13. Bg2 Nc6 14. a4 e5 15. a5 f5 16. c3 Kh8 17. Qf3 Nc7 18. a6 e4 19. dxe4 fxe4 20. Qxe4 Rae8 21. axb7 Rxe4 22. Bxe4 Rb8 23. Bf4 Rxb7 24. Rad1 Qc8 25. Nd6 Qb8 26. Nxb7 Qxb7 27. Rd7 Be5 28. Bxe5+ Nxe5 29. Rd8+ 1-0

[Event "*** Titled Tuesday Blitz"]
[Site "Chess.com"]
[Date "2019.01.01"]
[Round "4"]
[White "pastouche06"]
[Black "ElHelvetico"]
[Result "1-0"]
[WhiteElo "2443"]
[BlackElo "2543"]
[TimeControl "180+2"]
[EndTime "13:54:03 PST"]
[Termination "pastouche06 won by resignation"]

1. d4 f5 2. Bg5 g6 3. Nc3 Bg7 4.
h4 h6 5. Bf4 Nf6 6. e3 O-O 7. Qf3 d6 8. Bc4+ e6 9. Nge2 Kh7 10.
O-O-O Qe8 11. Ng3 Nc6 12. a3 a6 13. Kb1 b5 14. Bb3 Bb7 15. Qe2 Na5 16. Ba2 e5 17.
dxe5 dxe5 18. Bg5 hxg5 19. hxg5+ Nh5 20. Nxh5 gxh5 21. Rxh5+ Kg6 22. Rdh1 Nc4 23. Rh7 f4 24. Qh5+ Kf5 25. Qh3+ Kg6 26. Rxg7+ 1-0

[Event "*** Titled Tuesday Blitz"]
[Site "Chess.com"]
[Date "2019.01.01"]
[Round "4"]
[White "PenguinPacks"]
[Black "Shivagami"]
[Result "1-0"]
[WhiteElo "2219"]
[BlackElo "2133"]
[TimeControl "180+2"]
[EndTime "13:54:03 PST"]
[Termination "PenguinPacks won by resignation"]

1. Nf3 d5 2. g3 Bg4 3. Bg2 Nd7 4. O-O Ngf6 5. d3 e5 6. Nbd2 Bc5 7. h3 Bh5 8. b3 O-O 9. Bb2 Re8 10. e4 c6 11. a4 Qc7 12. a5 a6 13. c3 dxe4 14. dxe4 Rad8 15. Qe2 Nf8 16. Nc4 N6d7 17. Bc1 Ne6 18.
b4 Bf8 19. Be3 c5 20. Rfc1 cxb4 21. cxb4 Bxb4 22. Qb2 Bxf3 23. Qxb4 Bxg2 24. Nd6 Qb8 25.
Nxe8 Bxh3 26. Nd6 Nf6 27. Nxb7 Rd7 28. Rab1 Nd4 29. Nd6 Qd8 30. Rc8 Rxd6 31. Qxd6 Qxc8 32. Rb8 Nf3+ 33. Kh1 Bd7 34. Rxc8+ Bxc8 35. Qd8+ 1-0

[Event "*** Titled Tuesday Blitz"]
[Site "Chess.com"]
[Date "2019.01.01"]
[Round "4"]
[White "sunloong"]
[Black "gemarin"]
[Result "0-1"]
[WhiteElo "1904"]
[BlackElo "2070"]
[TimeControl "180+2"]
[EndTime "13:54:06 PST"]
[Termination "gemarin won by resignation"]

1. e4 c5 2. Nf3 Nc6 3. Bb5 g6 4. O-O Bg7 5. Re1 e5 6. c3 Nge7 7. d4 cxd4 8. cxd4 exd4 9. Nbd2 a6 10. Bf1 O-O 11. Nb3 d5 12. exd5 Qxd5 13. Nbxd4 Nxd4 14. Nxd4 Bxd4 15. Bh6 Re8 16. Be3 Bxe3 17. Rxe3 Qxd1 18.
Rxd1 Be6 19. Rde1 Nf5 20. Rc3 Rac8 21. Rxc8 Rxc8 22. b3 Rc2 23. Re2 Nd4 24. Rxc2 Nxc2 25. f3 Nb4 26. a3 Nc2 27. b4 Nxa3 28. Kf2 Bd7 29. Bd3 Bb5 30. Be4 Bc6 31. Bd3 Nb5 32. Ke3 Kf8 33. Bc4 Ke7 34. h3 f6 35. g4 h6 36. h4 g5 37. hxg5 hxg5 38. f4 Kd6 39.
fxg5 fxg5 40. Bd3 Nc7 41. Bc4 Nd5+ 42. Bxd5 Kxd5 43. Kd3 Bd7 44. Ke3 Bxg4 0-1

[Event "*** Titled Tuesday Blitz"]
[Site "Chess.com"]
[Date "2019.01.01"]
[Round "4"]
[White "ChessGamingPro"]
[Black "Tulipaz"]
[Result "0-1"]
[WhiteElo "1648"]
[BlackElo "2479"]
[TimeControl "180+2"]
[EndTime "13:54:08 PST"]
[Termination "Tulipaz won by resignation"]

1. e4 e5 2. Nf3 Nf6 3. Nc3 Bb4 4. Nxe5 O-O 5. d3 d5 6. f3 d4 7. Bd2 dxc3 8. bxc3 Ba5 9. d4 Nbd7 10. Nxd7 Bxd7 11. e5 Nd5 12. c4 Ne3 13. Qc1 Bxd2+ 14. Qxd2 Nxf1 15. Rxf1 Re8 16. f4 Qh4+ 17. g3 Qh5 18. Qf2 Bh3 19. Rg1 Qg4 20. Kd2 Rad8 21. Kc3 c6 22. Rae1 h5 23. Re3 Qd7 24. Rd3 Bf5 25. Rd2 Qc7 26. Kb2 Qb6+ 27. Ka1 Be6 28. c5 Qa5 29. c4 Qc3+ 30. Rb2 0-1

[Event "*** Titled Tuesday Blitz"]
[Site "Chess.com"]
[Date "2019.01.01"]
[Round "4"]
[White "Firouzja2003"]
[Black "Kacparov"]
[Result "1-0"]
[WhiteElo "3000"]
[BlackElo "2737"]
[TimeControl "180+2"]
[EndTime "13:54:16 PST"]
[Termination "Firouzja2003 won by resignation"]

1. d4 d5 2. c4 c6 3. Nf3 Nf6 4. Nc3 a6 5. c5 g6 6. Bf4 Bg7 7. h3 O-O 8. e3 Nbd7 9. Be2 b6 10.
b4 Ne4 11. Nxe4 dxe4 12. Nd2 bxc5 13. bxc5 e5 14. dxe5 Nxc5 15. O-O Bf5 16. g4 Be6 17. Qc2 Nd3 18. Nxe4 Nxe5 19. Rad1 Qh4 20. Kg2 Qe7 21. Qc5 Rfe8 22. Bxe5 Qxc5 23. Nxc5 Bxe5 24. Nxe6 Rxe6 25.
Rd7 Kf8 26. Rc1 a5 27. Rc5 Bf6 28. Bc4 Re7 29. Rxe7 Bxe7 30. Rxc6 a4 31. Kf3 a3 32.
Ke2 Rb8 33. Bb3 Rd8 34. Rb6 h6 35. f4 Rd6 36. Rb7 Rd8 37. e4 Rc8 38. e5 Rc3 39. f5 gxf5 40. gxf5 Rc5 41. e6 Re5+ 42. Kd3 fxe6 43. Bxe6 Bg5 44. Kd4 Re1 45. Kd3 Re3+ 46. Kd4 Rxh3 47. f6 Rh4+ 48. Ke5 Bf4+ 49. Kf5 Bd6 50. Rh7 Rf4+ 51. Kg6 Ke8 52. Rh8+ Bf8 53. Bf7+ Kd7 54. Rxf8 1-0

[Event "*** Titled Tuesday Blitz"]
[Site "Chess.com"]
[Date "2019.01.01"]
[Round "4"]
[White "abubakrtagelsir"]
[Black "LucaBrasi1968"]
[Result "1-0"]
[WhiteElo "2233"]
[BlackElo "2381"]
[TimeControl "180+2"]
[EndTime "13:54:17 PST"]
[Termination "abubakrtagelsir won by resignation"]

1. e4 c6 2. d4 d5 3. f3 dxe4 4. fxe4 g6 5. Nf3 Bg7 6. c3 Nd7 7. Bc4 Nb6 8. Bb3 Nf6 9. O-O O-O 10. Nbd2 a5 11. a3 a4 12. Ba2 Ra5 13. e5 Nfd5 14.
Ne4 Bf5 15. Ng3 Bd7 16. h4 Nc7 17. h5 Be6 18. hxg6 fxg6 19. Bb1 Bc4 20. Bd3 Bxd3 21.
Qxd3 Qd5 22. Bg5 Qe6 23. Ne4 Nd7 24. Bd2 Raa8 25. Nfg5 Qd5 26. c4 Nxe5 27. Qh3 Qxd4+ 28. Be3 Qxe3+ 29. Qxe3 h6 30. Nf3 Ng4 31. Qb6 Ne6 32. Qxb7 Rae8 33. Qxc6 Nf4 34. Rae1 Rc8 35. Qd7 Rcd8 36.
Qxg4 1-0

[Event "*** Titled Tuesday Blitz"]
[Site "Chess.com"]
[Date "2019.01.01"]
[Round "4"]
[White "Peng_Li-Min"]
[Black "Peroncio"]
[Result "1-0"]
[WhiteElo "2662"]
[BlackElo "2629"]
[TimeControl "180+2"]
[EndTime "13:54:19 PST"]
[Termination "Peng_Li-Min won by resignation"]

1. e4 e5 2. Nf3 Nc6 3. Bb5 a6 4. Bxc6 dxc6 5. O-O Qf6 6. d4 exd4 7. Qxd4 Qxd4 8.
Nxd4 Bd7 9. Be3 O-O-O 10. Rd1 Re8 11. f3 f5 12. Nc3 Bb4 13. Nde2 Nf6 14. Bd4 Rhf8 15. e5 Nh5 16. g3 c5 17. Nd5 cxd4 18.
Nxb4 c5 19. Nd3 b6 20. f4 g6 21. b4 Bb5 22. Kf2 Ng7 23. bxc5 Bxd3 24. Rxd3 bxc5 25. c3 dxc3 26. Nxc3 Ne6 27. Rd6 Kc7 28. Nd5+ Kb7 29. Rb1+ Ka7 30. Rd7+ Ka8 31. Rbb7 1-0

[Event "*** Titled Tuesday Blitz"]
[Site "Chess.com"]
[Date "2019.01.01"]
[Round "4"]
[White "Muracle"]
[Black "pulvettd"]
[Result "1-0"]
[WhiteElo "2525"]
[BlackElo "2496"]
[TimeControl "180+2"]
[EndTime "13:54:20 PST"]
[Termination "Muracle won on time"]

1. Nf3 Nf6 2. g3 e6 3. Bg2 d5 4.
O-O c5 5. d4 cxd4 6. Nxd4 e5 7.
Nb3 Be6 8. c4 Nc6 9. cxd5 Nxd5 10.
N1d2 Nf6 11. Nf3 Be7 12. Be3 O-O 13. Rc1 Ng4 14. Bc5 e4 15. Qxd8 Rfxd8 16. Bxe7 Nxe7 17. Nfd4 Bxb3 18. Nxb3 f5 19. Rc7 Nc6 20. Rxb7 Rab8 21. Rxb8 Rxb8 22. Rd1 Nb4 23. Nd4 Rd8 24. e3 Nc2 25.
Bf1 Ngxe3 26. fxe3 Nxe3 27. Rd2 Ng4 28. Bc4+ Kh8 29.
Nb3 Rc8 30. Be6 Rf8 31. h3 Ne5 32. Kf2 g6 33. Ke3 Re8 34. Rd6 Kg7 35. Bd5 Re7 36. Nd4 Nd3 37. Ne6+ Kh6 38. Nd4 1-0

[Event "*** Titled Tuesday Blitz"]
[Site "Chess.com"]
[Date "2019.01.01"]
[Round "4"]
[White "ChessChronicles123"]
[Black "SolidJ"]
[Result "0-1"]
[WhiteElo "1811"]
[BlackElo "1680"]
[TimeControl "180+2"]
[EndTime "13:54:24 PST"]
[Termination "SolidJ won by checkmate"]

1. Nf3 Nf6 2. g3 d5 3. Bg2 g6 4. c4 Bg7 5. O-O c6 6. d4 Bg4 7. Nc3 dxc4 8. Ne5 Be6 9. Qa4 O-O 10. Be3 Bd5 11. Nxc4 Bxg2 12. Kxg2 b5 13. Nxb5 cxb5 14.
Qxb5 Qd5+ 15. Qxd5 Nxd5 16. Bg5 Rd8 17. e4 Nf6 18. Rfd1 Na6 19. a3 h6 20. Bf4 Nxe4 21. Be5 f6 22. Bf4 g5 23. Be3 Nc7 24. Kf3 Nd6 25. Na5 Nd5 26. Rac1 f5 27. Rc5 e6 28. Rdc1 Rdc8 29. Rc6 Rxc6 30. Rxc6 Bf8 31. Bd2 Rc8 32. Ra6 Ne4 33. Bb4 Bxb4 34. axb4 Rc2 35.
Kg2 Rxf2+ 36. Kh3 g4+ 37. Kh4 Rxh2# 0-1

[Event "*** Titled Tuesday Blitz"]
[Site "Chess.com"]
[Date "2019.01.01"]
[Round "4"]
[White "VitaliyBernadskiy"]
[Black "Vuk2000"]
[Result "0-1"]
[WhiteElo "2739"]
[BlackElo "2753"]
[TimeControl "180+2"]
[EndTime "13:54:27 PST"]
[Termination "Vuk2000 won by resignation"]

1. e4 d5 2. exd5 Qxd5 3. Nf3 Bg4 4. Be2 Nc6 5. O-O O-O-O 6. h3 Bxf3 7. Bxf3 Qd7 8. Nc3 Nd4 9. d3 Nf6 10. Re1 e6 11.
Be3 Bc5 12. Ne4 Nxf3+ 13. Qxf3 Bxe3 14. Qxe3 Kb8 15. Nc5 Qc6 16. b4 Rd5 17. Rab1 Rhd8 18. c3 h6 19. d4 Rg5 20. g3 Rh5 21. h4 Rf5 22. b5 Qd5 23. a4 Ng4 24. Qe2 Nxf2 25.
Kh2 Ng4+ 26. Kh3 Rf2 27. Qe4 h5 28. Rh1 Qxe4 29. Nxe4 Re2 0-1

[Event "*** Titled Tuesday Blitz"]
[Site "Chess.com"]
[Date "2019.01.01"]
[Round "4"]
[White "jk13"]
[Black "Didici"]
[Result "1-0"]
[WhiteElo "2710"]
[BlackElo "2606"]
[TimeControl "180+2"]
[EndTime "13:54:27 PST"]
[Termination "jk13 won by resignation"]

1. e4 e5 2. Nf3 Nc6 3. Bc4 Nf6 4.
d3 Be7 5. O-O O-O 6. Re1 d6 7.
a4 Kh8 8. a5 a6 9. Nc3 Ng8 10.
d4 Bg4 11. dxe5 Nxe5 12. Be2 Bxf3 13. gxf3 f5 14. f4 Nc6 15. f3 Bf6 16. Be3 Nge7 17.
Qd2 g6 18. Kh1 Bg7 19. Bc4 Qd7 20. Nd5 Rae8 21. c3 Ng8 22. Bg1 Nd8 23. Rad1 Ne6 24. b4 Qf7 25. Rf1 Nf6 26. exf5 gxf5 27. Rde1 Qd7 28. Ba2 c6 29. Nb6 Qf7 30. Qxd6 Ne4 31.
fxe4 1-0

[Event "*** Titled Tuesday Blitz"]
[Site "Chess.com"]
[Date "2019.01.01"]
[Round "4"]
[White "xpto15"]
[Black "rikyshi"]
[Result "1-0"]
[WhiteElo "2194"]
[BlackElo "2191"]
[TimeControl "180+2"]
[EndTime "13:54:29 PST"]
[Termination "xpto15 won by resignation"]

1. e4 e6 2. d4 d5 3. Nc3 Bb4 4. e5 c5 5. a3 Bxc3+ 6. bxc3 Qc7 7. Qg4 Ne7 8. Bd3 cxd4 9. Ne2 dxc3 10. Qxg7 Rg8 11.
Qxh7 Qxe5 12. h4 Nbc6 13. Bf4 Qh8 14. Qxh8 Rxh8 15. Bg5 Ng8 16. Nxc3 f6 17. Bg6+ Kd8 18. Bd2 Nge7 19. Bd3 Ne5 20. h5 Nxd3+ 21. cxd3 Bd7 22.
Ke2 Nf5 23. Rab1 Bc6 24. Kf1 Nd6 25. f3 e5 26. g4 Kd7 27. a4 Rag8 28. Kf2 e4 29.
dxe4 dxe4 30. Rbd1 exf3 31. Bf4 Rxg4 32. Rxd6+ Ke7 33.
Nd5+ Bxd5 34. Rxd5 Rxf4 35. Re1+ Kf7 36. Rd7+ Kf8 37.
Rd8+ Kf7 38. Rxh8 Rxa4 39. Rh7+ Kf8 40. Rxb7 Rh4 41. Rc1 1-0

[Event "*** Titled Tuesday Blitz"]
[Site "Chess.com"]
[Date "2019.01.01"]
[Round "4"]
[White "Makalexa"]
[Black "volcanoexplorer"]
[Result "0-1"]
[WhiteElo "2123"]
[BlackElo "2349"]
[TimeControl "180+2"]
[EndTime "13:54:31 PST"]
[Termination "volcanoexplorer won by checkmate"]

1. e4 e5 2. Nf3 Nc6 3. Bb5 a6 4. Ba4 Nf6 5. O-O Be7 6. Re1 b5 7. Bb3 O-O 8. a4 b4 9. d4 d6 10. d5 Na5 11. Ba2 Bd7 12. Nbd2 Nb7 13. Bc4 a5 14.
Nb3 Qe8 15. Nh4 Nxe4 16. Rxe4 f5 17. Nxf5 Bxf5 18. Re1 Qg6 19. Bd3 Bh4 20. g3 e4 21.
Bf1 Bf6 22. Nd4 Nc5 23. Nxf5 Qxf5 24. Be3 Bxb2 25. Bd4 Bxa1 26. Qxa1 Rf7 27. h4 Raf8 28. Kh2 Qg4 29. Bh3 Rxf2+ 30. Bxf2 Rxf2+ 31. Bg2 Qf3 32. Rg1 e3 33. Qd4 Ne4 34. Kh1 Nxg3+ 35. Kh2 Nf1+ 36.
Kh1 Qh3+ 37. Bxh3 Rh2# 0-1

[Event "*** Titled Tuesday Blitz"]
[Site "Chess.com"]
[Date "2019.01.01"]
[Round "4"]
[White "MissingLife"]
[Black "OparinGrigoriy"]
[Result "0-1"]
[WhiteElo "2544"]
[BlackElo "2922"]
[TimeControl "180+2"]
[EndTime "13:54:32 PST"]
[Termination "OparinGrigoriy won by resignation"]

1. Nf3 Nf6 2. g3 b6 3. Bg2 Bb7 4. c4 e6 5. Nc3 Be7 6. O-O O-O 7. d3 d5 8. cxd5 Nxd5 9. e4 Nxc3 10. bxc3 c5 11. Qe2 Nc6 12. Rd1 Rc8 13. Bb2 Qd7 14. d4 cxd4 15. cxd4 Na5 16. Ne5 Qa4 17. d5 exd5 18.
exd5 Bf6 19. Rd4 Qe8 20. f4 Rd8 21. Rad1 Qe7 22. Bh3 Qc5 23. Rc1 Qd6 24. Bg2 Rfe8 25. Re1 Qc5 26. Rc1 Qd6 27. Re1 h6 28. Kh1 a6 29.
Rd3 Nc4 30. Bc3 b5 31. Qh5 Qc7 32. Qf5 b4 33. Ba1 Nd6 34. Qh5 a5 35. Red1 Bc8 36.
g4 Qe7 37. Nc6 Qe1+ 38. Rxe1 Rxe1+ 39. Bf1 Rxf1+ 40. Kg2 Rxa1 41. Nxd8 Rxa2+ 42. Kf3 Bxd8 43. Qe5 Bc7 44. Qe7 Rc2 45. f5 a4 46. f6 gxf6 47.
Qxf6 Rf2+ 0-1

[Event "*** Titled Tuesday Blitz"]
[Site "Chess.com"]
[Date "2019.01.01"]
[Round "4"]
[White "Grandelicious"]
[Black "Kangoroo3000"]
[Result "1-0"]
[WhiteElo "2652"]
[BlackElo "2657"]
[TimeControl "180+2"]
[EndTime "13:54:34 PST"]
[Termination "Grandelicious won by resignation"]

1. e4 e6 2. d4 d5 3. Nd2 c5 4. Ngf3 Nf6 5. exd5 exd5 6. Bb5+ Bd7 7. Bxd7+ Nbxd7 8.
O-O Be7 9. dxc5 Nxc5 10. Re1 O-O 11. Nf1 Ne6 12. Ng3 Bc5 13. Be3 Qb6 14. Bxc5 Nxc5 15.
Qd4 Rfe8 16. Nf5 Qc7 17. Nh6+ Kf8 18. Ng5 Ne6 19. Qb4+ Qe7 20. Qxe7+ Rxe7 21. Nhxf7 Rae8 22. Kf1 Ng4 23. Nxe6+ Rxe6 24. Rxe6 Rxe6 25. Ng5 Rc6 26.
h3 Ne5 27. c3 h6 28. Nf3 Nxf3 29. gxf3 Kf7 30. Rd1 Ke6 31. Ke2 Rc4 32. Rg1 Kf6 33. Rg4 Rc6 34. h4 Ra6 35. a4 Re6+ 36.
Kd2 Re1 37. Kxe1 1-0